 Dungeon Crawl Stone Soup version 0.31-a0-705-ga145531891 (webtiles) character file.

Game seed: 3793534681211980817

51 MackTheKnife the Vexing (level 3, 15/15 HPs)
             Began as a Felid Wanderer on Sept 9, 2023.
             Quit the game on level 3 of the Dungeon.
             The game lasted 00:03:37 (1518 turns).

MackTheKnife the Vexing (Felid Wanderer)            Turns: 1518, Time: 00:03:38

Health: 15/15      AC:  1    Str:  5    XL:     3   Next: 57%
Magic:  5/5        EV: 17    Int: 16    God:
Gold:   28         SH:  0    Dex: 17    Spells: 3/4 levels left
                                        Lives:  0   Deaths: 1

rFire   . . .        (weapon unavailable)
rCold   . . .        (shield unavailable)
rNeg    . . .        (body armour unavailable)
rPois   .            (helmet unavailable)
rElec   .            (cloak unavailable)
rCorr   .            (gloves unavailable)
SInv    +            (boots unavailable)
Will    .....        (no amulet)
Stlth   +++          l - ring of wizardry
HPRegen 0.22/turn    (no ring)
MPRegen 0.09/turn

%: wizardry (x1)
@: quick
A: very small, claws 1, fangs 3, see invisible, speed 1, shaggy fur 1, stealthy
paws, no weapons or thrown items, no armour, multi-lived
a: no special abilities


You were on level 3 of the Dungeon.
You visited 1 branch of the dungeon, and saw 3 of its levels.

You collected 45 gold pieces.
You spent 17 gold pieces at shops.


Innate Abilities, Weirdness & Mutations

You have sharp claws.
You have razor-sharp teeth.
You have supernaturally acute eyesight. (SInv)
You cover ground quickly. (Speed+)
You are covered in fur. (AC +1)
Your paws help you pounce on unaware monsters.
You are incapable of wielding weapons or throwing items.
You cannot wear armour.
You gain extra lives every three experience levels.


   Skills:
 - Level 1.6 Fighting
 - Level 2.3 Dodging
 - Level 5.3 Stealth
 + Level 1.0 Spellcasting
 - Level 7.2 Hexes


You had 3 spell levels left.
You knew the following spells:

 Your Spells              Type           Power      Damage    Failure   Level
a - Slow                  Hex            96%        N/A       1%          1

Your spell library contained the following spells:

 Spells                   Type           Power      Damage    Failure   Level
 Fulminant Prism          Conj/Hex       6%         3d7       21%         4
 Leda's Liquefaction      Hex/Erth       6%         N/A       21%         4
 Summon Forest            Summ/Tloc      0%         N/A       91%         5
 Eringya's Noxious Bog    Tmut/Pois      0%         4d6       100%        6
 Summon Hydra             Summ           0%         N/A       100%        7

Inventory:

Jewellery
 l - a ring of wizardry (left paw)
   (You found it on level 2 of the Dungeon)
Scrolls
 c - a scroll of teleportation {@r4}
 d - a scroll of blinking {unknown}
 e - a scroll of poison {unknown}
 f - a scroll of enchant armour
 h - a scroll of fear {unknown}
 j - a scroll of revelation {unknown}
 k - a scroll of enchant weapon {unknown}
Potions
 a - a potion of lignification {!q}
 b - 2 potions of curing {@q1}
 g - a potion of might {unknown}
 i - 2 potions of berserk rage {unknown}
 m - a potion of ambrosia {unknown}
 n - a potion of degeneration {unknown}
 o - a potion of enlightenment {unknown}

Dungeon Overview and Level Annotations

Branches:
Dungeon (3/15) Zot: 22692

Altars:

Shops:
D:1

* #.#> #. #.# #.#.# #. #.#
###.... .. ..# ....... #. #.#
....... #. #.# ....... #.## #.#
.......###..# #.#
........###.###.##
..........@......#
.......#.#####...# ###...###.##
#...# #..## ##.# #...#
.....###.## #.#.#
###.###..#.#####.#.#########.
... #..........#.#....†....
.####.###.####...###.#.########
...........###.........#


There were no monsters in sight!


Message History

The frilled lizard hisses angrily.
The goblin hits you with a +0 club. 😕 HP[-3]
You take 3 damage, and now have 12/15 hp.
You miss the goblin. The bat completely misses you.
The goblin closely misses you. The bat completely misses you.
You scratch the bat but do no damage. The bat hits you.
The goblin barely misses you. The bat misses you. 😮 HP[-1]
You take 1 damage, and now have 11/15 hp.
You are too injured to fight recklessly!
You are too injured to fight recklessly!
You are too injured to fight recklessly!
You are too injured to fight recklessly!
You are too injured to fight recklessly!
Unknown command.
The goblin attacks as it pursues you! The goblin misses you. 😕 HP[+1]
You scratch the goblin.
You kill the goblin!
The bat completely misses you.
You barely miss the frilled lizard. The frilled lizard misses you.
You scratch the frilled lizard. You bite the frilled lizard.
You kill the frilled lizard!
The bat misses you. The bat completely misses you.
You scratch the bat. The bat barely misses you. 😕 HP[+1]
The bat barely misses you.
Things that are here:
a +0 club {mace}; a goblin corpse The bat misses you.
The bat closely misses you.
You scratch the bat.
You kill the bat! 😕 HP[+1]
You see here a bat corpse.
You start resting. 😎 HP[+1]
Your hp is fully restored (15).
Key pressed, stopping explore.
Done exploring.
There is a stone staircase leading down here.
You climb downwards.
There is a stone staircase leading up here.
Okay, then.
You're too inexperienced to learn that spell!
Unknown command.
An adder comes into view.
An adder is nearby!
An adder is nearby!
You pounce on the unaware helpless adder!
You claw the adder!
You kill the adder!
You now have 19 gold pieces (gained 12).
Found a stone staircase leading down.
You now have 28 gold pieces (gained 9).
A sleepcap comes into view.
You pounce on the unaware helpless sleepcap!
You claw the sleepcap!
The sleepcap releases spores at you but does no damage.
You aren't carrying any items that you can evoke.
Unknown command.
Casting: Slow (safe; 1% risk of failure)
Confirm with . or Enter, or press ? or * to list all spells.
Aiming: Slow (safe; 1% risk of failure)
Press: ? - help, Shift-Dir - straight line, f - sleepcap
Aim: a sleepcap (moderately damaged, chance to affect: 64%)
The sleepcap seems to slow down.
The sleepcap misses you. 😎 MP[-1]
You lost 1 mp, and now have 4/5 mp.
You scratch the sleepcap.
The sleepcap releases spores at you. 😕 HP[-3]
You take 3 damage, and now have 12/15 hp.
You scratch the sleepcap but do no damage.
You scratch the sleepcap but do no damage.
The sleepcap closely misses you. 😕 HP[+1]
You scratch the sleepcap but do no damage.
You bite the sleepcap, but do no damage.
The sleepcap misses you.
You scratch the sleepcap. The sleepcap closely misses you.
You scratch the sleepcap but do no damage.
You bite the sleepcap.
You scratch the sleepcap but do no damage.
The sleepcap barely misses you.
You scratch the sleepcap but do no damage.
The sleepcap releases spores at you!
Ouch! That really hurt!
* * * LOW HITPOINT WARNING * * *
You are engulfed in a cloud of soporific spores!
You fall asleep.
The sleepcap releases spores at you!
Ouch! That really hurt!
You die...
You rejoin the land of the living... 😎 HP[+2] MP[+1]
Your hp is fully restored (15).
Your mp is fully restored (5).
Unknown command.
Unknown command.
Are you sure you want to abandon this character and quit the game? (Confirm with "yes".)

Skill      XL: |  1  2  3 |
---------------+----------+-----
Dodging        | 1 2 |  2.3
Stealth        | 5 |  5.3
Fighting       | |  1.6
Spellcasting   | |  1.0
Hexes          | |  7.2

Action                     || total
---------------------------++-------
  Melee: Unarmed           ||   148
         Bite              ||    15
         Punch             ||     1
   Cast: Slow              ||     4
    Use: Scroll            ||     2
   Stab: Sleeping          ||    10
         Distracted        ||     1
 Armour: Skin              ||    43
  Dodge: Dodged            ||   124

Levels and vault maps discovered:
D:1:      dpeg_arrival_yet_another_circle, layout_loops_ring, serial_shops,
          nicolae_shop_getting_attention
D:2:      layout_rooms
D:3:      layout_loops_ring, minmay_misc_feat_square, uniq_sigmund, uniq_robin

Notes
Turn   | Place    | Note
-------+----------+-------------------------------------------
     0 | D:1      | MackTheKnife the Felid Wanderer began the quest for the
                  | Orb.
     0 | D:1      | MackTheKnife set off with the following items: a potion of
                  | lignification {!q}, a potion of curing {@q1}; and the
                  | following spell memorised: Slow; and the following spells
                  | available to memorise: Fulminant Prism, Leda's
                  | Liquefaction.
     0 | D:1      | Reached XP level 1. HP: 9/9 MP: 3/3
     0 | D:1      | magus.rc [v1.9.6]
   125 | D:1      | HP: 2/9 [goblin/+0 club (4)]
   131 | D:1      | HP: 2/9 [quokka (1)]
   178 | D:1      | You add the spells Summon Forest, Eringya's Noxious Bog and
                  | Summon Hydra to your library.
   220 | D:1      | Found Rimet's Assorted Antiques.
   226 | D:1      | Bought a scroll labelled YHEFIO OCKIARO for 17 gold pieces
   296 | D:1      | Reached XP level 2. HP: 12/12 MP: 4/4
   504 | D:1      | Reached skill level 1 in Dodging
   799 | D:2      | Reached skill level 5 in Stealth
   840 | D:2      | Reached XP level 3. HP: 11/15 MP: 5/5
  1209 | D:2      | Reached skill level 2 in Dodging
  1517 | D:3      | Mangled by a sleepcap
  1518 | D:3      | Quit the game

Vanquished Creatures
  An adder (D:3)
  5 ball pythons
  4 bats
  3 endoplasms
  A giant cockroach (D:2)
  5 goblins
  5 hobgoblins
  2 quokkas
  3 frilled lizards
  7 kobolds
  3 rats
39 creatures vanquished.

Table legend:
 A = Non-vault XP
 B = Vault XP
 C = Vault XP percentage of total XP
 D = Non-vault monster count
 E = Vault monster count
 F = Vault count percentage of total count
                 A         B        C        D         E       F
            +---------+---------+-------+---------+---------+-------
      Total |      73 |       0 |   0.0 |      39 |       0 |   0.0
            +---------+---------+-------+---------+---------+-------
        D:1 |      28 |       0 |   0.0 |      18 |       0 |   0.0
        D:2 |      32 |       0 |   0.0 |      20 |       0 |   0.0
        D:3 |      13 |       0 |   0.0 |       1 |       0 |   0.0
            +---------+---------+-------+---------+---------+-------

Skill      XL: |  1  2  3 |
---------------+----------+-----
Dodging        | 1 2 |  2.3
Stealth        | 5 |  5.3
Fighting       | |  1.6
Spellcasting   | |  1.0
Hexes          | |  7.2

Action                     || total
---------------------------++-------
  Melee: Unarmed           ||   148
         Bite              ||    15
         Punch             ||     1
   Cast: Slow              ||     4
    Use: Scroll            ||     2
   Stab: Sleeping          ||    10
         Distracted        ||     1
 Armour: Skin              ||    43
  Dodge: Dodged            ||   124

Illustrated notes

Table legend:
 A = Kills in this place as a percentage of kills in the entire game.
 B = Kills by you in this place as a percentage of kills by you in the entire game.
 C = Kills by friends in this place as a percentage of kills by friends in the entire game.
 D = Other kills in this place as a percentage of other kills in the entire game.
 E = Experience gained in this place as a percentage of experience gained in the entire game.
 F = Experience gained in this place divided by the number of levels of this place that you have seen.
                   A       B       C       D       E      F
               +-------+-------+-------+-------+-------+----------------------
         Total | 100.0 | 100.0 |   N/A |   N/A | 100.0 |  24.3
       Dungeon | 100.0 | 100.0 |   N/A |   N/A | 100.0 |  24.3
               +-------+-------+-------+-------+-------+----------------------

Table legend: (Time is in decaauts)
 A = Elapsed time spent in this place.
 B = Non-inter-level travel time spent in this place.
 C = Inter-level travel time spent in this place.
 D = Time resting spent in this place.
 E = Time spent auto-exploring this place.
 F = Levels seen in this place.
 G = Mean time per level.
                   A        B        C        D        E       F      G
               +--------+--------+--------+--------+--------+-----+--------+
         Total |   1308 |   1219 |     89 |    224 |    610 |   3 |  436.0 |
       Dungeon |   1308 |   1219 |     89 |    224 |    610 |   3 |  436.0 |
               +--------+--------+--------+--------+--------+-----+--------+

Top non-repeatable levels by time:
     D:1: 713 daAuts
     D:2: 542 daAuts
     D:3: 52 daAuts
